 Dungeon Crawl Stone Soup version 0.23.2 (webtiles) character file.

Game seed: 12282418261274721351

255 zyhmos the Skirmisher (level 5, -4/72 HPs)
             Began as a Minotaur Berserker on Apr 3, 2019.
             Was a Priest of Trog.
             Slain by Blork the manticore (glowing shapeshifter) (12 damage)
             ... on level 4 of the Dungeon.
             The game lasted 00:08:53 (2738 turns).

zyhmos the Skirmisher (Minotaur Berserker)          Turns: 2738, Time: 00:08:54

Health: -4/72      AC:  5    Str: 28    XL:     5   Next: 91%
Magic:  4/4        EV: 13    Int:  1    God:    Trog [***...]
Gold:   192        SH:  0    Dex:  9    Spells: 4/4 levels left

rFire    . . .     SeeInvis .   k - +3 quarterstaff (chaos)
rCold    . . .     Gourm    .   (shield currently unavailable)
rNeg     . . .     Faith    .   s - +1 leather armour "Safouc" {rPois Int-3 Slay+5}
rPois    +         Spirit   .   (helmet restricted)
rElec    .         Reflect  .   n - +0 cloak
rCorr    .         Harm     .   (no gloves)
MR       .....                  (no boots)
Stlth    ..........             (no amulet)
HPRegen  0.22/turn              (no ring)
MPRegen  0.09/turn              (no ring)

@: berserking, very quick
A: retaliatory headbutt, horns 2
a: Berserk, Trog's Hand, Renounce Religion


You were on level 4 of the Dungeon.
You worshipped Trog.
Trog was most pleased with you.
You were very hungry.

You visited 1 branch of the dungeon, and saw 4 of its levels.

You collected 192 gold pieces.

Inventory:

Hand Weapons
 k - a +3 quarterstaff of chaos (weapon)
 l - a +1 mace of holy wrath
Armour
 j - a +1 ring mail of cold resistance
 n - a +0 cloak (worn)
 s - the +1 leather armour "Safouc" (worn) {rPois Int-3 Slay+5}
   (You found it on level 4 of the Dungeon)

   It affects your intelligence (-3).
   It affects your accuracy and damage with ranged weapons and melee attacks
   (+5).
   It protects you from poison.
Scrolls
 b - a scroll of fog
 f - 2 scrolls of teleportation {unknown}
 g - 2 scrolls of amnesia
 m - a scroll of immolation {unknown}
 p - a scroll of remove curse
 q - a scroll of enchant weapon
Potions
 d - a potion of flight {unknown}
 e - a potion of might {unknown}
 h - 2 potions of lignification {unknown}
 i - a potion of heal wounds {unknown}
 r - a potion of haste {unknown}
Comestibles
 a - 2 chunks of flesh
 c - 8 rations


   Skills:
 + Level 5.2 Fighting
   Level 5.0 Axes
 + Level 1.9 Staves
 + Level 3.6 Armour
 + Level 3.6 Dodging
 + Level 0.3 Stealth


You had 4 spell levels left.
You didn't know any spells.
Your spell library was empty.

Dungeon Overview and Level Annotations

Branches:
Dungeon (4/15)
 Temple: D:4-7

Altars:
Trog

Annotations:
D:4 Blork the orc


Innate Abilities, Weirdness & Mutations

You reflexively headbutt those who attack you in melee.
You have a pair of horns on your head.


Message History

Blork the orc comes into view.
He is wielding a +0 short sword.
Blork the orc is nearby!
Found 2 arrows.
Blork the orc hits you with a +0 short sword.
You hit Blork the orc.
Blork the orc changes into a glowing shapeshifter!
Blork the glowing shapeshifter changes into a manticore!
You hit Blork.
Blork flickers and vanishes!
Deactivating autopickup; reactivate with Ctrl-A.
Something bites you. Something claws you! x2
You are too injured to fight recklessly!
A red film seems to cover your vision as you go berserk!
You feel yourself moving faster!
You feel mighty!
You are feeling very hungry.
Something bites you! Something barely misses you. Something claws you!
* * * LOW HITPOINT WARNING * * *
You barely miss something. Your headbutt misses something. Something bites you!
* * * LOW HITPOINT WARNING * * *
Something barely misses you. Something claws you!
You die...

###########
#.........#
###.#####.#
#@# #.#
####### #{#
#.# ##......
#.# #.#
#.>..... #.#
#.###.......
#.(
#.†...÷.....
###
#......##...
#......##...
#......##...
#########...


There were no monsters in sight!

Vanquished Creatures
  Crazy Yiuf (D:2)
  An orc wizard (D:3)
  Robin (D:2)
  7 adders
  An ooze (D:3)
  A worm (D:3)
  3 dart slugs
  5 leopard geckos
  11 orcs
  6 giant cockroaches
  18 goblins
  8 hobgoblins
  2 jackals (D:4)
  8 kobolds
  A quokka (D:3)
  9 bats
  6 frilled lizards
  A leopard gecko skeleton (D:4)
  4 rats
94 creatures vanquished.

Notes
Turn   | Place    | Note
-------+----------+-------------------------------------------
     0 | D:1      | zyhmos the Minotaur Berserker began the quest for the Orb.
     0 | D:1      | Reached XP level 1. HP: 19/19 MP: 0/0
    84 | D:1      | Reached XP level 2. HP: 23/27 MP: 1/1
   863 | D:2      | Reached XP level 3. HP: 29/33 MP: 2/2
   889 | D:2      | Reached ** piety under Trog
   961 | D:2      | Found a bloodstained altar of Trog.
   961 | D:2      | Identified the +2 helmet of Fun and Games {+Inv +Fly rF+}
   961 | D:2      | Noticed Robin
   964 | D:2      | Reached XP level 4. HP: 41/41 MP: 3/3
   973 | D:2      | Killed Robin
   973 | D:2      | Reached skill level 5 in Axes
  1199 | D:2      | Found a runed translucent door.
  1200 | D:2      | Noticed Crazy Yiuf
  1265 | D:2      | Killed Crazy Yiuf
  1349 | D:3      | Reached XP level 5. HP: 47/47 MP: 4/4
  1467 | D:3      | Reached skill level 5 in Fighting
  1636 | D:3      | Reached *** piety under Trog
  1851 | D:3      | Reached skill level 1 in Staves
  2678 | D:4      | Got a slimy leather armour
  2679 | D:4      | Identified the +1 leather armour "Safouc" {rPois Int-3
                  | Slay+5} (You found it on level 4 of the Dungeon)
  2732 | D:4      | Noticed Blork the orc
  2735 | D:4      | Noticed Blork
  2735 | D:4      | Blork the orc changed into Blork the glowing shapeshifter
  2735 | D:4      | Noticed Blork
  2735 | D:4      | Blork the glowing shapeshifter changed into Blork the
                  | manticore
  2738 | D:4      | Slain by Blork the manticore (glowing shapeshifter)

Skill      XL: |  1  2  3  4  5 |
---------------+----------------+-----
Axes           | 4 5 |  5.0
Fighting       | 4 5 |  5.2
Dodging        | 3 |  3.6
Armour         | 3 |  3.6
Staves         | 1 |  1.9
Stealth        | |  0.3

Action                   |  1- 3 |  4- 6 || total
-------------------------+-------+-------++-------
Melee: Hand axe          |    54 |    11 ||    65
       Headbutt          |    12 |    11 ||    23
       Mace              |       |     9 ||     9
       Quarterstaff      |       |    66 ||    66
Invok: Berserk           |     1 |     1 ||     2
  Use: Scroll            |       |     8 ||     8
 Stab: Paralysed         |       |     1 ||     1
  Eat: Chunk             |       |     3 ||     3
       Ration            |       |     1 ||     1
Armor: Animal skin       |     4 |       ||     4
       Ring mail         |    14 |    27 ||    41
       Leather armour    |       |     1 ||     1
Dodge: Dodged            |    27 |    44 ||    71
